 Dungeon Crawl Stone Soup version 0.27.0-1-g7a089689b8 (webtiles) character file.

Game seed: 8988202387453838286

37 inmateoo the Sneak (level 3, -5/22 HPs)
             Began as an Octopode Earth Elementalist on Aug 7, 2021.
             Slain by an iguana (10 damage)
             ... on level 4 of the Dungeon.
             The game lasted 00:02:34 (1608 turns).

inmateoo the Sneak (Octopode Earth Elementalist)    Turns: 1608, Time: 00:02:35

Health: -5/22      AC:  1    Str:  7    XL:     3   Next: 39%
Magic:  3/6        EV: 13    Int: 18    God:
Gold:   22         SH:  0    Dex: 12    Spells: 0/6 levels left

rFire    . . .     SeeInvis .   e - +0 dagger
rCold    . . .     Faith    .   (no shield)
rNeg     . . .     Spirit   .   (helmet restricted)
rPois    .         Reflect  .   (no amulet)
rElec    .         Harm     .   (no ring)
rCorr    .         Rampage  .   (no ring)
Will     .....                  (no ring)
Stlth    +++.......             (no ring)
HPRegen  0.07/turn              (no ring)
MPRegen  0.10/turn              (no ring)
                                (no ring)
                                (no ring)

@: no status effects
A: almost no armour, amphibious, 8 rings, camouflage 1, gelatinous body 1,
(nimble swimmer 1), tentacles
a: no special abilities


You were on level 4 of the Dungeon.
You visited 1 branch of the dungeon, and saw 3 of its levels.

You collected 22 gold pieces.

Inventory:

Hand Weapons
 e - a +0 dagger (weapon)
Missiles
 b - 47 stones
Jewellery
 f - an amulet of reflection
Scrolls
 a - a scroll of enchant armour {unknown}
 d - 2 scrolls of teleportation
 g - a scroll of identify {unknown}
 h - a scroll of fear {unknown}
 i - a scroll of silence {unknown}
Potions
 c - a potion of cancellation {unknown}
 j - a potion of degeneration {unknown}
 k - a potion of curing {unknown}


   Skills:
 + Level 0.7 Fighting
 + Level 2.2 Dodging
 + Level 3.3 Stealth
 + Level 2.2 Spellcasting
 + Level 1.5 Transmutations
 + Level 3.3 Earth Magic


You couldn't memorise any spells.
You knew the following spells:

 Your Spells              Type           Power      Damage    Failure   Level
a - Sandblast             Erth           28%        2d8       4%          1
b - Passwall              Tmut/Erth      8%         N/A       10%         2
c - Stone Arrow           Conj/Erth      16%        3d8       26%         3

Your spell library contained the following spells:

 Spells                   Type           Power      Damage    Failure   Level
 Petrify                  Tmut/Erth      10%        N/A       54%         4


Dungeon Overview and Level Annotations

Branches:
Dungeon (2/15)

Altars:

Annotations:
D:2 Sigmund


Innate Abilities, Weirdness & Mutations

You cannot wear most types of armour.
You are amphibious.
You can wear up to eight rings at the same time.
Your skin changes colour to match your surroundings (Stealth+).
Your rubbery body absorbs attacks. (AC +1, EV +1)
((You are camouflaged near water. (Stealth+)))
You have tentacles for arms and can constrict up to eight enemies at once.


Message History

Press: ? - help, . - travel You can't see that place. [the floor.] Placed new exclusion.
You see here a rat corpse.
You see here a ball python skeleton.
k - a fuming blue potion
Found an escape hatch in the ceiling.
A ball python and a quokka come into view.
You fall into a shaft and drop 2 floors!
The shaft crumbles and collapses.
Unknown command.
Found a stone staircase leading up.
An iguana comes into view.
Found a stone staircase leading up.
The iguana hisses angrily.
You hear a shout!
The iguana misses you.
Casting: Sandblast (safe; 4% risk of failure)
Confirm with . or Enter, or press ? or * to list all spells.
Aiming: Sandblast (safe; 4% risk of failure)
Press: ? - help, Shift-Dir - straight line, f - iguana
Aim: an iguana (82% to hit)
The blast of sand misses the iguana.
The iguana bites you!
Casting: Sandblast (safe; 4% risk of failure)
Confirm with . or Enter, or press ? or * to list all spells.
Aiming: Sandblast (safe; 4% risk of failure)
Press: ? - help, Shift-Dir - straight line, f/p - iguana
Aim: an iguana (82% to hit)
The blast of sand hits the iguana but does no damage.
The iguana bites you!
* * * LOW HITPOINT WARNING * * *
Casting: Sandblast (safe; 4% risk of failure)
Confirm with . or Enter, or press ? or * to list all spells.
Aiming: Sandblast (safe; 4% risk of failure)
Press: ? - help, Shift-Dir - straight line, f/p - iguana
Aim: an iguana (82% to hit)
The blast of sand misses the iguana.
The iguana hisses menacingly.
The iguana bites you!
You die...

#<....#
#.#.#.#
#...#.#
#.###.#
#.....#
#.#####
#.# #.#
#@# #l#
.<#
####


You could see an iguana.

Vanquished Creatures
  2 adders (D:2)
  A bat (D:2)
  An endoplasm (D:1)
  4 goblins
  3 hobgoblins (D:1)
  A quokka (D:1)
  2 ball pythons
  A frilled lizard (D:2)
  A kobold (D:1)
  3 rats
19 creatures vanquished.

Notes
Turn   | Place    | Note
-------+----------+-------------------------------------------
     0 | D:1      | inmateoo the Octopode Earth Elementalist began the quest
                  | for the Orb.
     0 | D:1      | Reached XP level 1. HP: 11/11 MP: 3/3
   481 | D:1      | Reached XP level 2. HP: 17/17 MP: 5/5
   764 | D:1      | Learned a level 2 spell: Passwall
   956 | D:1      | Found a faded altar of an unknown god.
  1432 | D:2      | Reached XP level 3. HP: 22/22 MP: 4/6
  1475 | D:2      | Learned a level 3 spell: Stone Arrow
  1478 | D:2      | Noticed Sigmund
  1567 | D:2      | You fall into a shaft and drop 2 floors!
  1608 | D:4      | Slain by an iguana

Illustrated notes

Levels and vault maps discovered:
D:1:      nicolae_arrival_washed_ashore, layout_basic,
          ebering_ecumenical_altar_box
D:2:      layout_basic, uniq_sigmund, uniq_terence
D:4:      layout_loops_cross, mainiacjoe_overflow_two_lobes,
          minmay_misc_feat_tower

Skill      XL: |  1  2 |
---------------+-------+-----
Stealth        | 3 |  3.3
Fighting       | |  0.7
Dodging        | |  2.2
Spellcasting   | |  2.2
Transmutations | |  1.5
Earth Magic    | |  3.3

Action                   || total
-------------------------++-------
Melee: Unarmed           ||     7
       Dagger            ||    23
       Constrict         ||     6
       Tentacles         ||     4
 Cast: Sandblast         ||    10
       Passwall          ||     1
  Use: Scroll            ||     2
 Stab: Sleeping          ||     8
Armor: Skin              ||     2
Dodge: Dodged            ||    12
